Map: Overgrown Facility

Players

llllllllllll

  • Race: Terran Terran
  • Spawn Location: 9:00

SHIVERED

  • Race: Terran Terran
  • Spawn Location: 7:00

PureLegacy

  • Race: Terran Terran
  • Spawn Location: 1:00

GateKeeper

  • Race: Zerg Zerg
  • League: Platinum
  • Spawn Location: 3:00

VOD

Have the link to the VOD?

Description

Time

  • Played on: Nov. 24, 2018, 10:24 a.m.
  • Length: 10:32
Show
View Real Time Build Order
Export as new Build Order

llllllllllll Terran 

Build Orders: 1/1/1, Liberator Opening, Mech 

Get SALT Encoding   

  12  0:00  SCV  
  13  0:13  SCV  
  14  0:18  Supply Depot  
  14  0:25  SCV  
  15  0:29  Refinery  
  15  0:39  SCV  
  16  0:45  Barracks  
  16  0:51  SCV  
  16  0:56  Refinery  
  17  1:03  SCV  
  18  1:16  SCV  
  19  1:32  Orbital Command  
  19  1:33  Reaper  
  19  1:37  Factory  
  20  1:47  Supply Depot  
  20  1:59  SCV  
  21  2:10  Reaper  
  21  2:14  SCV  
  23  2:26  SCV  
  23  2:27  Starport  
  23  2:29  Hellion  
  26  2:46  SCV  
  26  2:50  Barracks Reactor  
  27  2:56  Command Center  
  27  2:58  SCV  
  28  3:03  Supply Depot  
  28  3:04  Factory Tech Lab  
  28  3:09  Viking  
  28  3:11  SCV  
  31  3:21  Liberator  
  31  3:25  SCV  
  32  3:29  Marine x2  
  37  3:47  SCV  
  36  3:53  Marine x2  
  37  3:58  Engineering Bay  
  37  4:14  Marine x2  
  39  4:17  Orbital Command  
  38  4:27  SCV  
  38  4:30  Missile Turret  
  38  4:31  Missile Turret  
  38  4:37  Marine x2  
  38  4:38  Factory Tech Lab, Raven  
  42  4:45  SCV  
  43  4:46  SCV  
  43  4:48  Supply Depot  
  41  5:04  SCV  
  42  5:09  Marine x2  
  42  5:10  Siege Tank  
  47  5:14  SCV  
  47  5:15  Command Center  
  48  5:22  Raven, SCV  
  51  5:31  SCV  
  51  5:32  Marine x2  
  54  5:37  Supply Depot  
  54  5:38  Supply Depot  
  54  5:42  SCV  
  52  5:53  SCV  
  52  5:54  SCV  
  54  5:58  Marine x2  
  54  6:01  Refinery  
  54  6:02  Refinery, Armory  
  54  6:03  Armory  
  56  6:05  SCV  
  57  6:23  Siege Tank  
  60  6:26  SCV  
  60  6:27  SCV  
  60  6:28  Orbital Command  
  62  6:38  SCV  
  63  6:46  SCV  
  64  6:51  Starport Reactor  
  64  6:52  SCV  
  64  6:53  Factory  
  65  6:54  Factory  
  65  6:59  SCV  
  65  7:07  SCV  
  65  7:11  SCV, Siege Tank  
  69  7:16  Terran Vehicle Weapons Level 1  
  69  7:19  SCV  
  69  7:22  Terran Vehicle And Ship Armor Level 1  
  70  7:27  SCV  
  70  7:28  Orbital Command  
  71  7:30  Viking  
  71  7:33  SCV  
  74  7:39  Refinery, SCV  
  74  7:40  Refinery  
  74  7:43  Siege Tank  
  78  7:45  SCV  
  79  7:51  SCV  
  79  7:55  Hellion x2, Siege Tank  
  79  7:56  SCV  
  79  7:57  SCV  
  89  7:58  Missile Turret  
  89  8:03  SCV  
  90  8:09  SCV x2  
  92  8:19  SCV  
  93  8:25  Supply Depot  
  93  8:27  Supply Depot x2  
  93  8:31  Hellion  
  93  8:39  Command Center  
  93  8:45  Command Center  
  93  8:47  Hellion, SCV x2, Siege Tank  
  100  8:50  Supply Depot x3  
  100  8:58  Supply Depot  
  100  8:59  Supply Depot, Hellion, Siege Tank  
  100  9:00  Infernal Pre-Igniter  
  105  9:04  SCV  
  105  9:09  Hellion  
  108  9:11  Viking  
  108  9:12  SCV  
  108  9:13  Factory x2  
  108  9:14  SCV  
  112  9:17  SCV  
  99  9:27  Hellion, SCV, Siege Tank  
  94  9:31  SCV  
  94  9:33  SCV  
  94  9:36  Siege Tank  
  94  9:37  Hellion  
  101  9:39  Viking  
  101  9:40  SCV  
  98  9:46  Viking, SCV  
  98  9:47  SCV  
  98  9:52  SCV  
  103  9:53  SCV  
  103  9:58  SCV  
  103  9:59  SCV  
  102  10:04  Hellion x2  
  102  10:05  Factory Reactor, Factory Tech Lab  
  102  10:09  Refinery  
  108  10:19  Missile Turret  
Show
View Real Time Build Order
Export as new Build Order

SHIVERED Terran 

Build Orders: Banshee Rush 

Get SALT Encoding   

  12  0:01  SCV  
  13  0:13  SCV  
  14  0:18  Supply Depot  
  14  0:25  SCV  
  15  0:39  SCV  
  15  0:40  Barracks  
  16  0:44  Refinery  
  16  0:52  SCV  
  16  0:55  Refinery  
  17  1:04  SCV  
  18  1:16  SCV  
  19  1:27  Reaper  
  19  1:28  Orbital Command  
  20  1:46  Factory  
  20  1:55  SCV  
  21  2:05  Barracks Reactor  
  21  2:08  SCV  
  22  2:20  SCV  
  23  2:29  Supply Depot  
  23  2:31  Factory Tech Lab  
  23  2:37  Starport  
  23  2:43  SCV  
  22  2:51  Siege Tank  
  22  2:52  Marine x2  
  22  2:55  SCV  
  28  3:07  SCV  
  28  3:10  Marine x2  
  31  3:13  Supply Depot  
  31  3:15  Starport Tech Lab  
  31  3:22  Supply Depot  
  31  3:34  Marine x2, SCV, Siege Tank  
  37  3:42  Cloaking Field  
  37  3:43  Banshee  
  37  3:47  SCV  
  41  3:52  Marine x2  
  35  4:06  SCV, Siege Tank  
  38  4:10  Marine x2  
  40  4:25  SCV  
  40  4:27  Marine x2  
  40  4:29  Supply Depot  
  43  4:34  Medivac  
  45  4:38  SCV  
  46  4:50  Marine  
  46  4:51  Marine  
  46  4:52  Siege Tank  
  51  4:54  SCV  
  43  5:10  SCV  
  43  5:11  Marine x2  
  42  5:22  SCV  
  40  5:34  SCV  
  41  5:36  Widow Mine  
  41  5:37  Raven, Command Center  
  43  5:45  Marine x2  
  43  5:48  SCV  
  45  6:00  Engineering Bay, Widow Mine  
  45  6:03  Marine x2, SCV  
  40  6:16  SCV  
  36  6:29  SCV  
  36  6:30  Marine x2  
  35  6:42  SCV  
  35  6:43  Medivac  
  38  6:54  SCV  
  27  6:56  Marine x2  
  25  7:04  Siege Tank  
  25  7:06  SCV  
  29  7:13  Marine  
  29  7:14  Marine  
  31  7:18  SCV  
  29  7:31  Marine x2  
  29  7:32  SCV  
  29  7:37  Siege Tank  
  35  7:39  Supply Depot  
  35  7:49  Marine x2  
  35  7:50  Orbital Command  
  37  7:52  SCV  
  38  8:04  SCV  
  39  8:13  Factory  
  39  8:20  SCV  
  40  8:32  SCV  
  40  8:33  Orbital Command  
  41  8:36  Siege Tank  
  44  8:44  SCV  
  45  8:56  SCV  
  45  9:00  SCV  
  47  9:10  Supply Depot  
  47  9:15  Supply Depot, SCV x2  
  47  9:17  Refinery, Supply Depot x2  
  49  9:20  Refinery  
  49  9:21  Siege Tank  
  49  9:22  Hellion  
  54  9:27  SCV x2  
  56  9:35  Hellion  
  58  9:39  SCV x2  
  60  9:51  SCV  
  61  9:58  Siege Tank  
  61  9:59  Hellion  
  66  10:01  SCV  
  58  10:24  Missile Turret  
  58  10:26  Missile Turret  
  61  10:30  Missile Turret  
Show
View Real Time Build Order
Export as new Build Order

PureLegacy Terran 

Build Orders: 1/1/1, Banshee Rush 

Get SALT Encoding   

  12  0:00  SCV  
  13  0:13  SCV  
  14  0:18  Supply Depot  
  14  0:25  SCV  
  15  0:31  Refinery  
  15  0:39  SCV  
  16  0:45  Barracks  
  16  0:51  SCV  
  17  0:57  Refinery  
  17  1:04  SCV  
  18  1:16  SCV  
  19  1:34  Factory  
  19  1:36  Orbital Command  
  19  1:42  Reaper  
  20  1:54  Supply Depot  
  20  2:06  SCV  
  21  2:14  Reaper  
  21  2:18  SCV  
  21  2:20  Starport  
  22  2:27  Hellion  
  24  2:30  SCV  
  25  2:37  Supply Depot  
  25  2:42  SCV  
  25  2:50  Hellion  
  25  2:51  Barracks Tech Lab  
  27  2:55  SCV  
  28  3:07  SCV  
  29  3:19  Cloaking Field, Banshee  
  32  3:22  SCV  
  33  3:27  Supply Depot  
  33  4:00  SCV  
  29  4:06  Banshee  
  29  4:08  Command Center  
  31  4:12  SCV  
  31  4:16  Factory Tech Lab  
  29  4:18  Factory Reactor  
  29  4:24  SCV  
  30  4:36  SCV  
  31  4:48  SCV  
  31  5:00  SCV  
  30  5:07  Viking x2  
  30  5:10  Siege Tank  
  30  5:12  SCV  
  33  5:25  SCV  
  25  5:37  Viking  
  24  5:50  SCV  
  25  6:06  SCV  
  25  6:09  Siege Tank  
  29  6:19  SCV  
  27  6:31  SCV  
  27  6:32  Viking  
  27  6:43  SCV  
  24  6:55  SCV  
  25  7:07  SCV  
  21  7:25  Engineering Bay, SCV  
  22  7:32  Orbital Command  
  22  7:37  SCV  
  23  7:49  SCV  
  24  8:00  SCV  
  24  8:02  SCV  
  26  8:18  SCV  
  27  8:21  SCV  
  28  8:32  SCV  
  28  8:33  SCV  
  27  8:44  SCV  
  28  8:51  SCV  
  28  8:52  Siege Tank  
  32  8:57  SCV  
  33  9:03  SCV  
  33  9:09  SCV  
  35  9:29  SCV  
  35  9:30  SCV  
  34  9:33  Siege Tank  
  37  9:44  SCV  
  36  9:56  SCV  
  37  10:08  SCV  
Show
View Real Time Build Order
Export as new Build Order

GateKeeper Zerg 

Build Orders: Pool First 

Get SALT Encoding   

  12  0:12  Overlord  
  12  0:17  Drone  
  12  0:18  Drone  
  14  0:38  Spawning Pool  
  13  0:43  Extractor  
  13  0:48  Drone x2  
  14  0:55  Drone  
  15  1:10  Drone  
  16  1:22  Hatchery  
  15  1:40  Queen  
  15  1:41  Drone  
  18  1:48  Metabolic Boost  
  18  1:56  Drone  
  19  2:12  Drone  
  19  2:15  Zergling x4  
  22  2:26  Overlord  
  22  2:33  Queen  
  24  2:41  Queen  
  26  3:03  Zergling x4  
  26  3:05  Drone x4  
  31  3:06  Drone x2  
  35  3:20  Zergling x4  
  33  3:57  Zergling x4  
  34  4:10  Zergling x2  
  34  4:20  Overlord x3  
  34  4:38  Drone  
  34  4:39  Drone x4, Overlord x2  
  39  5:06  Hatchery  
  38  5:17  Drone x9  
  47  5:42  Zergling x6  
  50  5:43  Zergling x4  
  50  5:46  Extractor  
  50  5:47  Extractor  
  50  5:53  Roach Warren  
  50  5:54  Lair  
  48  6:01  Zergling x2  
  48  6:02  Zergling x12  
  52  6:13  Zergling x2  
  52  6:14  Zergling x2  
  50  6:49  Roach x2, Zergling x6  
  50  6:50  Roach x5  
  66  6:55  Spire  
  66  6:59  Spore Crawler  
  58  7:01  Spore Crawler  
  58  7:03  Spore Crawler  
  54  7:10  Zergling x6  
  54  7:11  Zergling x4  
  54  7:13  Drone x2  
  61  7:27  Spore Crawler x2  
  61  7:28  Drone x4  
  63  7:30  Spore Crawler  
  62  7:50  Overlord x3  
  60  8:28  Queen  
  60  8:29  Mutalisk x2  
  60  8:30  Mutalisk x7  
  60  8:33  Zergling x14  
  84  8:55  Glial Reconstitution  
  84  8:57  Mutalisk  
  84  8:58  Zergling x6  
  84  8:59  Overlord x5, Zergling x2  
  73  9:30  Zergling x4  
  73  9:31  Roach x2, Zergling x10  
  62  9:32  Roach, Zergling x2  
  67  10:02  Mutalisk x2  
  67  10:03  Mutalisk x2  
  72  10:14  Zergling x6  
  72  10:15  Zergling x2  
  72  10:19  Drone  
Tags
 
Add a new tag
Caveats
  • Supply blocks, unpowered buildings, or Contaminate may cause inaccurate times.
  • Supply counts are checked every 10 seconds.